 Dungeon Crawl Stone Soup version 0.27-a0-1612-gde56a17b89 (webtiles) character file.

Game seed: 6620671586488617386

10604 robertstho the Covert (level 11, -5/77 HPs)
             Began as an Octopode Berserker on July 21, 2021.
             Was an Elder of Trog.
             Slain by a skeletal warrior (10 damage)
             ... led by a skeletal warrior
             ... on level 10 of the Dungeon.
             The game lasted 00:14:07 (9544 turns).

robertstho the Covert (Octopode Berserker)          Turns: 9544, Time: 00:14:08

Health: -5/77      AC:  3    Str: 22    XL:     11   Next: 64%
Magic:  11/11      EV: 19    Int: 17    God:    Trog [****..]
Gold:   686        SH: 15    Dex: 16    Spells: 10/10 levels left

rFire    . . .     SeeInvis .   I - +9 trident of Parts Unknown {vorpal, rCorr Str+2 Int+2 Dex+4}
rCold    . . .     Faith    .   H - +0 kite shield
rNeg     . . .     Spirit   .   a - +2 hat {Will+}
rPois    +         Reflect  +   w - amulet of reflection
rElec    .         Harm     .   n - +4 ring of evasion
rCorr    +         Rampage  .   e - +6 ring of intelligence
Will     +....                  m - ring of poison resistance
Stlth    +++++++...             F - ring of resist corrosion
HPRegen  0.22/turn              (no ring)
MPRegen  0.12/turn              (no ring)
                                (no ring)
                                (no ring)

@: on berserk cooldown, slowed, very slow
A: almost no armour, amphibious, 8 rings, camouflage 1, gelatinous body 1,
(nimble swimmer 1), tentacles
a: Renounce Religion, Berserk, Trog's Hand, Brothers in Arms


You were on level 10 of the Dungeon.
You worshipped Trog.
Trog was greatly pleased with you.
You visited 1 branch of the dungeon, and saw 10 of its levels.
You also visited: Ossuary.

You collected 686 gold pieces.

Inventory:

Hand Weapons
 k - a +2 dagger of protection
 I - the +9 trident of Parts Unknown (weapon) {vorpal, rCorr Str+2 Int+2 Dex+4}
   (You found it on level 7 of the Dungeon)

   It inflicts extra damage upon your enemies.
   Str:       It affects your strength (+2).
   Int:       It affects your intelligence (+2).
   Dex:       It affects your dexterity (+4).
   rCorr:     It protects you from acid and corrosion.
Missiles
 o - 3 atropa-tipped darts (quivered)
 C - 4 throwing nets
Armour
 a - a +2 hat of willpower (worn)
 H - a +0 kite shield (worn)
Jewellery
 e - a +6 ring of intelligence (right tentacle)
 m - a ring of poison resistance (on tentacle)
 n - a +4 ring of evasion (left tentacle)
 w - an amulet of reflection (around mantle)
 F - a ring of resist corrosion (on tentacle)
Wands
 c - a wand of iceblast (3)
 q - a wand of acid (19)
 y - a wand of mindburst (30)
 G - a wand of flame (17)
Scrolls
 b - 4 scrolls of teleportation
 d - 2 scrolls of enchant armour {unknown}
 f - a scroll of fear
 g - 2 scrolls of amnesia {unknown}
 i - 3 scrolls of immolation
 r - 2 scrolls of enchant weapon
 u - 2 scrolls of silence
 D - a scroll of identify
 E - 2 scrolls of fog {unknown}
Potions
 h - 3 potions of curing
 j - 2 potions of haste
 l - 2 potions of flight
 p - 2 potions of resistance
 s - a potion of might {unknown}
 t - 4 potions of attraction {unknown}
 v - 2 potions of magic {unknown}
 x - 2 potions of heal wounds
 z - 3 potions of mutation
 A - a potion of lignification {unknown}
 B - a potion of cancellation {unknown}


   Skills:
 * Level 8.3 Fighting
 + Level 6.7 Short Blades
 + Level 4.9 Polearms
 + Level 7.6 Dodging
 * Level 14.7 Stealth
 + Level 4.9 Shields
 + Level 3.3 Unarmed Combat


You had 10 spell levels left.
You didn't know any spells.
Your spell library was empty.

Dungeon Overview and Level Annotations

Branches:
Dungeon (10/15)            Temple (0/1) D:5            Lair (0/6) D:9
Ossuary (visited)
    Orc: D:9-12

Altars:
Ashenzari
Fedhas
Gozag
Hepliaklqana
Kikubaaqudgha
Qazlal
Vehumet
Wu Jian
Beogh


Innate Abilities, Weirdness & Mutations

You cannot wear most types of armour.
You are amphibious.
You can wear up to eight rings at the same time.
Your skin changes colour to match your surroundings (Stealth+).
Your rubbery body absorbs attacks. (AC +1, EV +1)
((You are camouflaged near water. (Stealth+)))
You have tentacles for arms and can constrict up to eight enemies at once.


Message History

The centaur warrior zombie kicks you. The skeletal warrior barely misses you.
The orc priest closely misses you.
The orc priest mumbles some strange prayers to Beogh against you.
Beogh smites you! The orc priest barely misses you.
You block the centaur warrior zombie's attack.
The centaur warrior zombie kicks you but does no damage.
The centaur warrior zombie completely misses you.
The centaur warrior zombie kicks you but does no damage.
The skeletal warrior hits you with a +4 hand axe of flaming!
The skeletal warrior burns you. The orc priest misses you.
You block the orc priest's attack. The orc priest misses you.
Aiming: Corrosive Bolt
Press: ? - help, Shift-Dir - straight line, f - skeletal warrior
Aim: a skeletal warrior, wielding a +4 hand axe of flaming and wearing a +0 ring mail (severely damaged, constricted by you, 100% to hit)
The bolt of acid hits the skeletal warrior but does no damage.
The skeletal warrior is severely damaged.
You constrict the skeletal warrior.
The centaur warrior zombie closely misses you.
You block the centaur warrior zombie's attack.
You block the skeletal warrior's attack.
The centaur warrior zombie hits you. The centaur warrior zombie kicks you.
The orc priest calls down the wrath of Beogh upon you.
Beogh smites you!
* * * LOW HITPOINT WARNING * * *
The orc priest mumbles some strange prayers to Beogh against you.
Beogh smites you!
* * * LOW HITPOINT WARNING * * *
The orc priest hits you but does no damage.
The orc completely misses you.
Aiming: Corrosive Bolt
Press: ? - help, Shift-Dir - straight line, f/p - skeletal warrior
Aim: a skeletal warrior, wielding a +4 hand axe of flaming and wearing a +0 ring mail (severely damaged, constricted by you, 100% to hit)
The bolt of acid hits the skeletal warrior but does no damage.
The skeletal warrior is severely damaged.
You constrict the skeletal warrior, but do no damage.
The centaur warrior zombie hits you.
* * * LOW HITPOINT WARNING * * *
You block the centaur warrior zombie's attack.
The skeletal warrior hits you with a +4 hand axe of flaming!
You die...

#.# #.# #.# #.#
######.##########.#####
#......................
#<>..........######.###
#.......[....# #.#
#....[Z......# #.#
#....ooo.....# #.#
#....z@o.....# #.#
#......Z.....# #..
#........<...# #.# #
#......<.....#
#............#
#............#
#............#
######.......#
#........


You could see a skeletal warrior, 3 orc priests, an orc (summoned) and 2 centaur
warrior zombies.

Vanquished Creatures
  Harold (D:7)
  A death yak (D:9)
  2 skeletal warriors (D:9)
  An ugly thing (D:10)
  Joseph (D:7)
  A gargoyle (D:9)
  2 trolls
  A wyvern (D:8)
  10 yaks
  A steam dragon (D:9)
  An acid dragon (D:8)
  A water moccasin (D:5)
  2 orc warriors
  A sky beast (D:8)
  An ice beast (D:6)
  2 ogres
  3 centaurs
  2 phantoms (D:5)
  A kobold brigand (D:8)
  2 bullfrogs
  A water moccasin zombie (D:7)
  3 scorpions
  2 wyvern skeletons
  10 wights
  7 centaur zombies
  4 hounds
  2 human zombies (Ossuary)
  2 jellies
  A gnoll shaman (D:8)
  3 orc priests
  2 bullfrog skeletons
  2 centaur skeletons
  7 orc wizards
  Terence (D:2)
  5 iguanas
  A killer bee zombie (D:5)
  6 mummies (Ossuary)
  A hound skeleton (D:5)
  A howler monkey zombie (D:6)
  A howler monkey skeleton (D:4)
  4 adders
  8 gnolls (D:8)
  2 white imps
  An ufetubus (D:4)
  4 worms
  3 dart slugs
  24 orcs
  5 endoplasms
  2 giant cockroaches (D:1)
  15 goblins
  4 hobgoblins
  9 kobolds
  4 quokkas
  9 ball pythons
  5 bats
  6 frilled lizards
  2 goblin zombies (Ossuary)
  A kobold zombie (Ossuary)
  An orc zombie (Ossuary)
  7 rats
215 creatures vanquished.

Vanquished Creatures (collateral kills)
  2 death yaks (D:9)
  2 yaks (D:9)
  An orc wizard (D:9)
  An orc (D:9)
6 creatures vanquished.

Grand Total: 221 creatures vanquished

Notes
Turn   | Place    | Note
-------+----------+-------------------------------------------
     0 | D:1      | robertstho the Octopode Berserker began the quest for the
                  | Orb.
     0 | D:1      | Reached XP level 1. HP: 16/16 MP: 1/1
    69 | D:1      | Found a faded altar of an unknown god.
   148 | D:1      | Reached XP level 2. HP: 18/21 MP: 2/2
   307 | D:1      | Reached skill level 1 in Stealth
   499 | D:1      | Identified a scroll of acquirement
   499 | D:1      | Acquired a +2 hat of willpower
   626 | D:1      | Reached XP level 3. HP: 26/26 MP: 3/3
   790 | D:1      | Reached ** piety under Trog
   804 | D:1      | Reached skill level 2 in Stealth
  1211 | D:2      | Reached XP level 4. HP: 30/32 MP: 4/4
  1337 | D:2      | Reached skill level 3 in Stealth
  1388 | D:2      | Noticed Terence
  1407 | D:2      | Killed Terence
  1925 | D:3      | Reached skill level 4 in Stealth
  2060 | D:3      | Reached XP level 5. HP: 37/37 MP: 5/5
  2071 | D:3      | Found an opulent altar of Gozag.
  2072 | D:3      | Found a radiant altar of Vehumet.
  2072 | D:3      | Found a blossoming altar of Fedhas.
  2082 | D:3      | Found a hazy altar of Hepliaklqana.
  2587 | D:4      | Reached skill level 1 in Short Blades
  2631 | D:4      | Reached skill level 5 in Stealth
  2902 | D:4      | Reached XP level 6. HP: 43/43 MP: 6/6
  2973 | D:4      | Reached *** piety under Trog
  2974 | D:4      | Reached skill level 6 in Stealth
  3192 | D:4      | Reached skill level 7 in Stealth
  3400 | D:4      | Reached XP level 7. HP: 48/48 MP: 7/7
  3475 | D:5      | Entered Level 5 of the Dungeon
  3563 | D:5      | Found a staircase to the Ecumenical Temple.
  3573 | D:5      | Found Maepihaw's Weapon Boutique.
  3596 | D:5      | Reached skill level 8 in Stealth
  3695 | D:5      | Found a broken altar of Ashenzari.
  4158 | D:5      | Reached skill level 9 in Stealth
  4158 | D:5      | Reached XP level 8. HP: 54/54 MP: 8/8
  4481 | D:6      | Reached skill level 10 in Stealth
  4576 | D:6      | Found an ornate altar of the Wu Jian Council.
  4730 | D:6      | Reached skill level 5 in Fighting
  4854 | D:6      | Reached **** piety under Trog
  5040 | D:7      | Reached skill level 1 in Shields
  5041 | D:7      | Reached skill level 11 in Stealth
  5109 | D:7      | Reached skill level 5 in Dodging
  5109 | D:7      | Reached XP level 9. HP: 61/61 MP: 9/9
  5271 | D:7      | Reached skill level 12 in Stealth
  5467 | D:7      | Noticed Joseph
  5481 | D:7      | Killed Joseph
  5987 | D:7      | Noticed Harold
  5998 | D:7      | Killed Harold
  5999 | D:7      | Reached skill level 5 in Short Blades
  5999 | D:7      | Reached skill level 13 in Stealth
  5999 | D:7      | Reached XP level 10. HP: 68/68 MP: 10/10
  6151 | D:8      | Found a sand-covered staircase.
  6184 | Ossuary  | Entered an ossuary
  6245 | Ossuary  | Reached ***** piety under Trog
  6890 | D:8      | Found a stormy altar of Qazlal.
  7199 | D:7      | Identified the +9 trident of Parts Unknown {vorpal, rCorr
                  | Str+2 Int+2 Dex+4}
  7259 | D:9      | Noticed a death yak
  7260 | D:9      | Found a staircase to the Lair.
  7260 | D:9      | Noticed a death yak
  7278 | D:9      | Noticed a death yak
  7278 | D:9      | Killed a death yak
  7289 | D:9      | Killed a death yak
  7290 | D:9      | Reached skill level 1 in Polearms
  7290 | D:9      | Reached skill level 14 in Stealth
  7293 | D:9      | Killed a death yak
  7662 | D:9      | Reached XP level 11. HP: 75/75 MP: 11/11
  8016 | D:9      | Noticed a skeletal warrior
  8020 | D:9      | Noticed a skeletal warrior
  8027 | D:9      | Killed a skeletal warrior
  8027 | D:9      | Noticed a skeletal warrior
  8031 | D:10     | Entered Level 10 of the Dungeon
  8032 | D:10     | HP: 3/77 [skeletal warrior[a skeletal warrior] (1)]
  8511 | D:10     | Noticed a brown ugly thing
  8530 | D:10     | Killed a brown ugly thing
  8611 | D:10     | Noticed a two-headed ogre
  8992 | D:9      | Found an ancient bone altar of Kikubaaqudgha.
  9410 | D:9      | Killed a skeletal warrior
  9544 | D:10     | Slain by a skeletal warrior

Illustrated notes

Levels and vault maps discovered:
D:1:      evilmike_arrival_fibonacci_small, layout_basic,
          chequers_ecumenical_altar_simple, minmay_tetromino_l2
D:2:      wad_river_or_something, layout_loops_ring, uniq_terence
D:3:      layout_basic, nicolae_overflow_quartered_altars
D:4:      layout_gridville, kennysheep_orc_chapel
D:5:      layout_gridville, lemuel_crystal_altar, minmay_temple_entry_grid,
          serial_shops, nicolae_square_shop, minmay_ogre_servants
D:6:      layout_rooms, amcnicky_altar_gilded
D:7:      layout_loops_ring, minmay_statues_item,
          chequers_serial_rivers_small_3, uniq_harold, uniq_joseph
D:8:      layout_rooms, nicolae_qazlal_scattered_showers,
          nicolae_ossuary_entry_monument, minivault_21
D:9:      layout_basic, lemuel_round_altar, dpeg_lair_monsters
D:10:     layout_small_grid, minmay_evil_grid

Skill      XL: |  1  2  3  4  5  6  7  8  9 10 11 |
---------------+----------------------------------+-----
Stealth        | 1 2 4 5 7 9 11 13 14 | 14.7
Short Blades   | 1 2 3 5 6 |  6.7
Fighting       | 4 5 6 7 8 |  8.3
Dodging        | 4 5 6 7 |  7.6
Shields        | 1 2 4 |  4.9
Polearms       | 2 4 |  4.9
Unarmed Combat | |  3.3

Action                   |  1- 3 |  4- 6 |  7- 9 | 10-12 || total
-------------------------+-------+-------+-------+-------++-------
Melee: Unarmed           |    25 |       |       |       ||    25
       Constrict         |    22 |    24 |    24 |    36 ||   106
       Tentacles         |    13 |    22 |    61 |    71 ||   167
       Punch             |     2 |     3 |     2 |     9 ||    16
       Dagger            |    44 |    88 |   253 |   128 ||   513
       Trident           |       |       |       |   126 ||   126
Invok: Berserk           |       |     3 |     3 |    10 ||    16
       Trog's Hand       |       |       |       |     3 ||     3
       Brothers in Arms  |       |       |       |     3 ||     3
Evoke: Wand              |       |       |       |     2 ||     2
  Use: Scroll            |     2 |     4 |     4 |     4 ||    14
 Stab: Sleeping          |    11 |    17 |    26 |     8 ||    62
       Distracted        |       |     1 |       |       ||     1
Armor: Skin              |     8 |    17 |    82 |    27 ||   134
Dodge: Dodged            |    48 |    51 |   184 |   160 ||   443
Block: Other             |       |       |    24 |    33 ||    57
       Kite shield       |       |       |       |    81 ||    81
       Reflection        |       |       |       |     2 ||     2

Table legend: (Time is in decaauts)
 A = Elapsed time spent in this place.
 B = Non-inter-level travel time spent in this place.
 C = Inter-level travel time spent in this place.
 D = Time resting spent in this place.
 E = Time spent auto-exploring this place.
 F = Levels seen in this place.
 G = Mean time per level.
                   A        B        C        D        E       F      G
               +--------+--------+--------+--------+--------+-----+--------+
         Total |   9614 |   9257 |    357 |   1409 |   6200 |  11 |  874.0 |
       Dungeon |   9290 |   8933 |    357 |   1398 |   6001 |  10 |  929.0 |
       Ossuary |    324 |    324 |      0 |     11 |    198 |   1 |  324.0 |
               +--------+--------+--------+--------+--------+-----+--------+

Top non-repeatable levels by time:
     D:7: 1407 daAuts
     D:9: 1142 daAuts
     D:1: 1096 daAuts
     D:8: 1079 daAuts
     D:5: 990 daAuts
     D:4: 971 daAuts
     D:2: 829 daAuts
    D:10: 616 daAuts
     D:3: 594 daAuts
     D:6: 560 daAuts
 Ossuary: 324 daAuts
